AoeStats
← tom-gonz

Arabia

507595786Analyzed
4v4 RM · 12d ago on Sep 18, 2026· 15m 54s· 8 players
Game mode
Random Map
Map size
Large (8 player)
Population
200
Speed
Normal
Resources
Standard
Victory
Conquest
Starting age
Dark Age
Ending age
Imperial Age
RankedLock teamsTeams togetherTeam positionsShared explorationLock speedFull tech treeHidden civsTurbo modeCheats
Victory
Defeat
🇵🇹 Tatars · Portugal
1715
+11
🇵🇹 Poles · Portugal
1646
+14
🇵🇹 Britons · Portugal
1633
+14
🇵🇹 Wei · Portugal
1627
+14
🇦🇷 Mapuche · Argentina
1660
-16
🇨🇳 Chinese · China
1603
-14
🇨🇳 Malians · China
1569
-12
🇹🇷 Bengalis · Türkiye
1549
-11
hK | Islamey
6:20 Loom
8:58 Feudal Age
10:00 Double-Bit Axe
13:14 Horse Collar
喜足天
0:39 Loom
9:03 Feudal Age
9:36 Double-Bit Axe
10:01 Horse Collar
15:42 Scale Barding Armor
16:17 Forging
imenek
5:39 Loom
6:12 Loom
6:36 Loom
9:00 Feudal Age
10:00 Double-Bit Axe
我是你巴巴
6:10 Loom
8:40 Feudal Age
9:12 Double-Bit Axe
9:35 Town Watch
9:38 Horse Collar
15:41 Scale Barding Armor
Mr Greed
7:03 Loom
9:11 Feudal Age
9:49 Double-Bit Axe
12:17 Fletching
tom-gonz
6:22 Loom
9:09 Feudal Age
10:12 Double-Bit Axe
15:09 Scale Barding Armor
16:34 Forging
Brisingr
6:13 Loom
8:38 Feudal Age
9:22 Double-Bit Axe
9:59 Horse Collar
Darkwynn
4:28 Loom
7:18 Loom
9:37 Feudal Age
11:23 Double-Bit Axe
12:06 Horse Collar
13:51 Fletching
Connection lost

Rejoining the realm…

Still unreachable

The connection could not be restored.

Session expired

The server has moved on; the page needs a fresh start.